 Dungeon Crawl Stone Soup version 0.30-a0-779-g7971cf19c3 (webtiles) character file.

Game seed: 8502228507359004223

835 Pimp the Magician (level 7, -10/34 (37) HPs)
             Began as a Deep Elf Venom Mage on Feb 17, 2023.
             Was an Initiate of Vehumet.
             Mangled by a wight
             ... wielding a +4 scimitar
              (15 damage)
             ... on level 5 of the Dungeon.
             The game lasted 00:21:47 (5600 turns).

Pimp the Magician (Deep Elf Venom Mage)             Turns: 5600, Time: 00:21:49

HP:   -10/34 (37)   AC:  6    Str: 15    XL:     7   Next: 66%
MP:   19/19         EV: 12    Int: 34    God:    Vehumet [......]
Gold: 299           SH:  0    Dex: 15    Spells: 11/19 levels left

rFire   . . .      SeeInvis .    h - +0 dagger (protect)
rCold   . . .      Faith    .    (no shield)
rNeg    . . .      Spirit   .    y - +1 leather armour of the Morning Star {Str+2 Int+8 Slay-3}
rPois   .          Reflect  .    (no helmet)
rElec   .          Harm     .    d - +0 cloak
rCorr   .          Rampage  .    a - +0 pair of gloves
Will    .....                    (no boots)
Stlth   ++                       (no amulet)
HPRegen 0.25/turn                f - +6 ring of intelligence
MPRegen 0.16/turn                l - +6 ring of strength

@: about to teleport, drained
A: no striking features
a: Renounce Religion


You were on level 5 of the Dungeon.
You worshipped Vehumet.
Vehumet was noncommittal.
You visited 2 branches of the dungeon, and saw 7 of its levels.

You collected 299 gold pieces.

Inventory:

Hand Weapons
 e - a +0 war axe
 h - a +0 dagger of protection (weapon)
Missiles
 c - 11 poisoned darts
 n - 4 boomerangs
Armour
 a - a +0 pair of gloves (worn)
 d - a +0 cloak (worn)
 m - the +2 leather armour of the Furrier {Contam Drain +Blink rCorr}
   (You found it on level 4 of the Dungeon)

   +Blink:    It lets you blink.
   Contam:    It causes magical contamination when unequipped.
   rCorr:     It protects you from acid and corrosion.
   Drain:     It drains your maximum health when unequipped.
 u - the +3 leather armour of the Cobbler {Int+3}
   (You found it on level 3 of the Dungeon)

   Int:       It affects your intelligence (+3).
 y - the +1 leather armour of the Morning Star (worn) {Str+2 Int+8 Slay-3}
   (You found it on level 5 of the Dungeon)

   Str:       It affects your strength (+2).
   Int:       It affects your intelligence (+8).
   Slay:      It affects your accuracy & damage with ranged weapons and melee
   (-3).
Jewellery
 f - a +6 ring of intelligence (left hand)
 l - a +6 ring of strength (right hand)
 r - a ring of see invisible
Scrolls
 i - 5 scrolls of magic mapping
 j - 3 scrolls of identify
 t - a scroll of fog {unknown}
 v - a scroll of silence {unknown}
 w - a scroll of amnesia {unknown}
 x - a scroll of noise {unknown}
Potions
 b - a potion of magic
 k - 3 potions of curing
 o - a potion of mutation {unknown}
 q - 2 potions of haste {unknown}
 s - 2 potions of heal wounds {unknown}


   Skills:
 + Level 0.6 Fighting
 + Level 1.2 Short Blades
 + Level 0.3 Axes
 + Level 1.1 Armour
 + Level 3.2 Dodging
 + Level 3.8 Stealth
 + Level 6.8 Spellcasting
 + Level 3.1 Transmutations
 + Level 6.5 Poison Magic


You had 11 spell levels left.
You knew the following spells:

 Your Spells              Type           Power      Damage    Failure   Level
a - Sting                 Tmut/Pois      100%       1d8       1%          1
b - Olgreb's Toxic Radia  Pois           54%        N/A       3%          4
c - Mephitic Cloud        Conj/Pois/Air  26%        N/A       5%          3

Your spell library contained the following spells:

 Spells                   Type           Power      Damage    Failure   Level
 Poisonous Vapours        Pois/Air       66%        N/A       1%          2


Dungeon Overview and Level Annotations

Branches:
Dungeon (6/15)             Temple (1/1) D:5

Altars:
Ashenzari
Cheibriados
Elyvilon
Fedhas
Gozag
Kikubaaqudgha
Makhleb
Okawaru
Qazlal
Sif Muna
Trog
Vehumet
Wu Jian
Yredelemnul
Zin
The Shining One

Shops:
D:1 :

Annotations:
D:3 3 runed translucent doors, Spectrina's ghost, weakling MfRe


Message History

Okay, then.
Casting: Sting (safe; 1% risk of failure)
Confirm with . or Enter, or press ? or * to list all spells.
You can't see any susceptible monsters within range! (Use Z to cast anyway.) Unknown command.
Casting: Sting (safe; 1% risk of failure)
Confirm with . or Enter, or press ? or * to list all spells.
You begin to radiate toxic energy.
There is a stone staircase leading up here.
Your toxic aura wanes.
You climb upwards.
There is a stone staircase leading down here.
There is a stone staircase leading down here.
You climb downwards.
Found a dagger and a scale mail.
Found a bloodstained altar of Trog.
There is a stone staircase leading up here.
Magic restored.
The wight misses you.
You climb upwards.
There is a stone staircase leading down here.
You barely miss the wight. The wight misses you.
You barely miss the wight. The wight hits you with a +4 scimitar!
You feel drained. The wight attacks as you move away!
The wight hits you with a +4 scimitar. The wight attacks as you move away!
The wight hits you with a +4 scimitar.
You feel drained.
You hit the wight but do no damage.
Your weapon exudes an aura of protection.
The wight hits you with a +4 scimitar!
* * * LOW HITPOINT WARNING * * *
Okay, then.
You feel better. The wight hits you with a +4 scimitar!
* * * LOW HITPOINT WARNING * * *
Okay, then.
As you read the scroll labelled BAALOI OFIO, it crumbles to dust.
The creatures around you are filled with an inner flame!
It was a scroll of immolation.
The wight misses you.
As you read the scroll labelled CUYNNAI TERAME, it crumbles to dust.
You feel strangely unstable.
It was a scroll of teleportation.
The wight hits you with a +4 scimitar!
You die...

# #.######.# #
#........# #######
#..#######
......#######..#####
#####.#...#....#...#
......#.#.#......#.#
.###..#.#.#..#...#.#
.# #..#.#.#......#.#
.# #..#.#.##.##.@#.##
.###..#.#....##..z>.#
...#..#..#######.####
##.#..........####
#.#.###.####.##
#.#...........#
#.#....#.###>.#
#.#...........#
#.............#


You could see a wight (inner flame).

Vanquished Creatures
  A water moccasin (D:5)
  A scorpion (D:5)
  A howler monkey (D:5)
  A hound (D:4)
  2 orc priests
  A jelly (D:3)
  A gnoll bouda (D:4)
  3 iguanas
  Terence (D:2)
  Jessica (D:2)
  3 orc wizards
  17 gnolls (D:4)
  2 adders
  An ufetubus (D:5)
  2 worms
  4 dart slugs
  9 orcs
  3 endoplasms
  2 giant cockroaches
  4 hobgoblins
  7 jackals (D:4)
  10 kobolds
  A quokka (D:1)
  4 ball pythons
  4 bats
  2 frilled lizards
  6 goblins
  3 rats
97 creatures vanquished.

Notes
Turn   | Place    | Note
-------+----------+-------------------------------------------
     0 | D:1      | Pimp the Deep Elf Venom Mage began the quest for the Orb.
     0 | D:1      | Reached XP level 1. HP: 10/10 MP: 6/6
   141 | D:1      | Found Lioheg's Book Shoppe.
   353 | D:1      | Reached XP level 2. HP: 15/15 MP: 6/8
   939 | D:2      | Noticed Jessica
   945 | D:2      | Killed Jessica
   946 | D:2      | Reached XP level 3. HP: 19/19 MP: 7/10
  1336 | D:2      | Noticed Terence
  1350 | D:2      | Killed Terence
  1351 | D:2      | Reached XP level 4. HP: 2/24 MP: 5/11
  2048 | D:3      | Found a faded altar of an unknown god.
  2138 | D:3      | Identified the +1 robe of the Manifold Knaves {Will+}
  2193 | D:3      | Identified the +3 leather armour of the Cobbler {Int+3}
  2211 | D:3      | Learned a level 4 spell: Olgreb's Toxic Radiance
  2493 | D:3      | Found a runed translucent gate.
  2493 | D:3      | Found a runed translucent gate.
  2493 | D:3      | Found a runed translucent gate.
  2500 | D:3      | Noticed Spectrina's ghost (weakling MfRe)
  2819 | D:3      | Reached XP level 5. HP: 23/28 MP: 7/13
  3346 | D:4      | Reached skill level 5 in Poison Magic
  3347 | D:4      | Reached skill level 5 in Spellcasting
  3349 | D:4      | Reached XP level 6. HP: 33/33 MP: 2/15
  3453 | D:4      | Identified the +2 leather armour of the Furrier {Contam
                  | Drain +Blink rCorr}
  4045 | D:4      | Reached XP level 7. HP: 34/37 MP: 8/17
  4266 | D:5      | Entered Level 5 of the Dungeon
  4328 | D:5      | Reached skill level 1 in Short Blades
  4356 | D:5      | Reached skill level 1 in Armour
  4430 | D:5      | Found a staircase to the Ecumenical Temple.
  4507 | Temple   | Entered the Ecumenical Temple
  4714 | Temple   | Became a worshipper of Vehumet
  4752 | D:5      | Learned a level 3 spell: Mephitic Cloud
  5218 | D:5      | Identified the +1 leather armour of the Morning Star {Str+2
                  | Int+8 Slay-3}
  5590 | D:6      | Found a bloodstained altar of Trog.
  5600 | D:5      | Mangled by a wight

Illustrated notes

Levels and vault maps discovered:
D:1:      dpeg_arrival_three_same_balls, layout_basic, serial_shops, shop
D:2:      layout_basic, uniq_terence, uniq_jessica
D:3:      layout_loops_corners, shapermc_ecumenical_altar_mp_ritualfount,
          gammafunk_ghost_necromancy, kennysheep_orc_chapel
D:4:      layout_basic
D:5:      layout_basic, minmay_temple_entry_sparse_star
D:6:      layout_basic, bloody_trog, kennysheep_mini_moat,
          mainiacjoe_overflow_alcove_1, serial_glass, glass_columns_b,
          glass_columns_b, glass_columns_c, glass_columns_a, glass_columns_a,
          item_on_display_a, minmay_strange_pillars, eino_tiny_chamber
Temple:   regret_index_temple_generic_petals

Skill      XL: |  1  2  3  4  5  6  7 |
---------------+----------------------+-----
Poison Magic   | 4 5 6 |  6.5
Stealth        | 3 |  3.8
Spellcasting   | 4 5 6 |  6.8
Transmutations | 2 3 |  3.1
Dodging        | 3 |  3.2
Short Blades   | 1 |  1.2
Armour         | 1 |  1.1
Fighting       | |  0.6
Axes           | |  0.3

Action                     |  1- 3 |  4- 6 |  7- 9 || total
---------------------------+-------+-------+-------++-------
  Melee: War axe           |    15 |       |       ||    15
         Unarmed           |     1 |       |       ||     1
         Dagger            |    13 |    55 |    52 ||   120
         Punch             |       |       |     2 ||     2
   Cast: Sting             |    32 |    21 |    26 ||    79
         Olgreb's Toxic Ra |       |    19 |     4 ||    23
         Mephitic Cloud    |       |       |     1 ||     1
    Use: Scroll            |       |     5 |     3 ||     8
         Potion            |       |     4 |     1 ||     5
   Stab: Sleeping          |     2 |     4 |       ||     6
 Armour: Robe              |    13 |     2 |       ||    15
         Leather armour    |       |    18 |    23 ||    41
  Dodge: Dodged            |    27 |    30 |    54 ||   111

Table legend: (Time is in decaauts)
 A = Elapsed time spent in this place.
 B = Non-inter-level travel time spent in this place.
 C = Inter-level travel time spent in this place.
 D = Time resting spent in this place.
 E = Time spent auto-exploring this place.
 F = Levels seen in this place.
 G = Mean time per level.
                   A        B        C        D        E       F      G
               +--------+--------+--------+--------+--------+-----+--------+
         Total |   5609 |   5348 |    261 |   1042 |   3253 |   7 |  801.3 |
       Dungeon |   5369 |   5156 |    213 |   1042 |   3075 |   6 |  894.8 |
        Temple |    239 |    191 |     48 |      0 |    178 |   1 |  239.0 |
               +--------+--------+--------+--------+--------+-----+--------+

Top non-repeatable levels by time:
     D:3: 1466 daAuts
     D:5: 1086 daAuts
     D:2: 1014 daAuts
     D:1: 945 daAuts
     D:4: 850 daAuts
  Temple: 239 daAuts
     D:6: 7 daAuts
